 Dungeon Crawl Stone Soup version 0.19.0-23-gf02e663 (webtiles) character file.

115 tboon the Shield-Bearer (level 4, -4/40 HPs)
             Began as a Minotaur Fighter on Nov 20, 2016.
             Slain by a gnoll
             ... wielding a +0 flail
              (6 damage)
             ... on level 2 of the Dungeon.
             The game lasted 00:02:12 (1119 turns).

tboon the Shield-Bearer (Minotaur Fighter)          Turns: 1119, Time: 00:02:13

Health: -4/40      AC:  7    Str: 21    XL:     4   Next: 68%
Magic:  3/3        EV:  7    Int:  6    God:
Gold:   108        SH:  9    Dex:  9    Spells: 0 memorised, 3 levels left

rFire  . . .     SeeInvis .     a - +0 war axe
rCold  . . .     Gourm    .     b - +0 scale mail
rNeg   . . .     Faith    .     c - +0 shield
rPois  .         Spirit   .     (helmet restricted)
rElec  .         Reflect  .     (no cloak)
rCorr  .         Harm     .     (no gloves)
MR     .....                    (no boots)
Stlth  ..........               (no amulet)
                                (no ring)
                                (no ring)

@: no status effects
A: retaliatory headbutt, horns 2
a: no special abilities


You were on level 2 of the Dungeon.
You were not hungry.

You visited 1 branch of the dungeon, and saw 2 of its levels.

You collected 108 gold pieces.

Inventory:

Hand Weapons
 a - a +0 war axe (weapon)
Armour
 b - a +0 scale mail (worn)
 c - a +0 shield (worn)
 h - a +0 chain mail
   (You found it on level 1 of the Dungeon)
 p - a +0 pair of gloves
   (You found it on level 2 of the Dungeon)
Scrolls
 e - a scroll of teleportation {unknown}
 i - 2 scrolls of magic mapping {unknown}
 j - 2 scrolls of identify {unknown}
 k - a scroll of amnesia {unknown}
 o - a scroll of enchant weapon {unknown}
Potions
 d - a potion of might
 l - 2 potions of curing {unknown}
Comestibles
 f - a bread ration
 g - a meat ration
 m - 6 chunks of flesh
 n - a beef jerky


   Skills:
 + Level 4.2 Fighting
 + Level 4.0 Axes
 + Level 4.4 Armour
 + Level 4.6 Shields


You had 3 spell levels left.
You didn't know any spells.

Dungeon Overview and Level Annotations

Branches:
Dungeon (2/15)

Altars:


Innate Abilities, Weirdness & Mutations

You reflexively headbutt those who attack you in melee.
You have a pair of horns on your head.


Message History

You see here a leopard gecko corpse.
Your scale mail prevents you from hitting the gnoll.
Your headbutt misses the gnoll. The gnoll hits you with a whip.
You slash the gnoll! You headbutt the gnoll.
The gnoll is severely wounded.
The gnoll hits you with a whip.
You barely miss the gnoll.
The gnoll is severely wounded.
The gnoll barely misses you. You furiously retaliate!
You headbutt the gnoll!
You kill the gnoll!
The jackal barely misses you.
You miss the jackal. You block the jackal's attack. x2
You slash the jackal!
You kill the jackal!
Your Fighting skill increases to level 4!
No target in view!
No target in view!
Things that are here:
a whip; a gnoll corpse You butcher the gnoll corpse.
m - 6 chunks of flesh (gained 4)
You see here a whip.
An adder comes into view.
A gnoll comes into view. It is wielding a club.
The gnoll hits the bush but does no damage.
You miss the adder. The adder bites you.
You are poisoned.
The adder poisons you!
Something hits the bush. x2
You block the adder's attack.
Something hits the bush but does no damage.
You miss the adder. You headbutt the adder!
The adder is severely wounded.
You feel sick. The adder bites you but does no damage.
Something hits the bush but does no damage.
You block the adder's attack.
A gnoll comes into view.
Your scale mail prevents you from hitting the adder.
The adder is severely wounded.
The gnoll shouts!
The adder bites you but does no damage.
The gnoll hits the bush but does no damage.
Something hits the bush but does no damage.
Something bites the bush but does no damage. x2
You barely miss the adder.
The adder is severely wounded.
You feel sick. The adder closely misses you.
The gnoll throws a throwing net.
You block the throwing net.
Something hits the bush.
The adder bites you.
The gnoll hits the bush but does no damage.
You miss the adder. You headbutt the adder.
You kill the adder!
Something bites the bush.
Something hits the bush.
The gnoll hits the bush but does no damage.
Something hits the bush but does no damage.
The gnoll hits the bush but does no damage.
You feel sick.
The gnoll hits the bush but does no damage. x2
The gnoll hits the bush but does no damage.
The gnoll hits the bush.
You feel sick.
You feel sick.
You are no longer poisoned.
The gnoll hits the bush but does no damage.
The gnoll hits the bush but does no damage.
Something hits the bush but does no damage. x2
Something hits the bush but does no damage.
Something hits the bush but does no damage. x2
Something hits the bush but does no damage.
A gnoll comes into view. It is wielding a flail.
The gnoll shouts!
You hit the gnoll but do no damage. The gnoll closely misses you.
You furiously retaliate!
You headbutt the gnoll.
The gnoll moves out of view.
You block the gnoll's attack.
You hit the gnoll. Your headbutt misses the gnoll.
The gnoll is heavily wounded.
The gnoll hits you but does no damage.
You slash the gnoll!
You kill the gnoll!
The gnoll hits you with a flail.
You see here a gnoll corpse.
Your shield and scale mail prevent you from hitting the gnoll.
The gnoll hits you with a flail!
* * * LOW HITPOINT WARNING * * *
You slash the gnoll!
The gnoll is severely wounded.
You hit the gnoll but do no damage. You block the gnoll's attack.
You slash the gnoll!
The gnoll is severely wounded.
The gnoll hits you but does no damage.
You hit the gnoll.
You kill the gnoll!
Your Axes skill increases to level 4!
The gnoll hits you with a flail!
* * * LOW HITPOINT WARNING * * *
A jackal comes into view.
The jackal barks!
You see here a club.
You closely miss the gnoll. Your headbutt misses the gnoll.
The gnoll is severely wounded.
The gnoll hits you with a flail.
You die...
PP.♣ ..# ..P♣.P.#. .P.P..... .......... .##.......(♣♣♣ ..#....... hPP♣♣

.........♣ ...
......... ♣.♣♣##
......#.♣♣P ♣@†.#
......#.♣♣.P...g♣♣.#
......#.♣..PPP...♣.#
##.####.♣♣.P♣P.♣♣#.#
#.## #.#♣...P♣♣...#
#..# #.#.♣.P♣.....#
##.###.##.........#
##.#..........♣.♣#♣
#...†).............


You could see a gnoll and a jackal.

Vanquished Creatures
  3 adders (D:2)
  3 gnolls (D:2)
  2 worms (D:2)
  2 dart slugs (D:1)
  4 leopard geckos
  2 giant cockroaches (D:2)
  5 goblins (D:1)
  7 hobgoblins (D:1)
  A jackal (D:2)
  A ball python (D:1)
  7 bats
  3 frilled lizards
  5 kobolds
  6 rats
51 creatures vanquished.

Notes
Turn   | Place    | Note
-------+----------+-------------------------------------------
     0 | D:1      | tboon the Minotaur Fighter began the quest for the Orb.
     0 | D:1      | Reached XP level 1. HP: 19/19 MP: 0/0
   105 | D:1      | Reached XP level 2. HP: 22/27 MP: 1/1
   192 | D:1      | Reached skill level 4 in Shields
   302 | D:1      | Reached skill level 3 in Axes
   316 | D:1      | Reached skill level 4 in Armour
   396 | D:1      | Reached XP level 3. HP: 31/33 MP: 2/2
  1016 | D:2      | Reached XP level 4. HP: 40/40 MP: 3/3
  1069 | D:2      | Reached skill level 4 in Fighting
  1117 | D:2      | Reached skill level 4 in Axes
  1118 | D:2      | HP: 2/40 [gnoll/flail (11)]
  1119 | D:2      | Slain by a gnoll

Skill      XL: |  1  2  3  4 |
---------------+-------------+-----
Shields        | 4 |  4.6
Axes           | 3 4 |  4.0
Armour         | 4 |  4.4
Fighting       | 4 |  4.2

Action                   |  1- 3 |  4- 6 || total
-------------------------+-------+-------++-------
Melee: War axe           |    97 |    23 ||   120
       Headbutt          |    15 |     4 ||    19
  Eat: Chunk             |       |     1 ||     1
Armor: Scale mail        |    50 |     4 ||    54
Dodge: Dodged            |    33 |     7 ||    40
Block: Shield            |    62 |     8 ||    70

Vault maps used:
D:1:      lightli_arrival_noodles, hex_intersection, minmay_vboxes
D:2:      serial_forest, infiniplex_forest_clump_large,
          infiniplex_forest_clump_medium, infiniplex_forest_3_way,
          infiniplex_forest_lined_2, infiniplex_forest_clump_large,
          infiniplex_forest_clump_long, infiniplex_forest_clump_diagonal

Table legend:
 A = Turns spent in this place as a percentage of turns spent in the entire game.
 B = Non-inter-level travel turns spent in this place as a percentage of non-inter-level travel turns spent in the entire game.
 C = Inter-level travel turns spent in this place as a percentage of turns spent in this place.
 D = Turns resting spent in this place as a percentage of non-inter-level travel turns spent in this place.
 E = Turns spent auto-exploring this place as a percentage of non-inter-level travel turns spent in this place.
 F = Non-inter-level travel turns spent in this place divided by the number of levels of this place that you've seen.
                   A       B       C       D       E      F
               +-------+-------+-------+-------+-------+----------------------
         Total | 100.0 | 100.0 |   0.3 |   2.7 |  10.8 | 166.5
       Dungeon | 100.0 | 100.0 |   0.3 |   2.7 |  10.8 | 166.5
               +-------+-------+-------+-------+-------+----------------------

Table legend:
 A = Kills in this place as a percentage of kills in entire the game.
 B = Kills by you in this place as a percentage of kills by you in the entire game.
 C = Kills by friends in this place as a percentage of kills by friends in the entire game.
 D = Other kills in this place as a percentage of other kills in the entire game.
 E = Experience gained in this place as a percentage of experience gained in the entire game.
 F = Experience gained in this place divided by the number of levels of this place that you have seen.
                   A       B       C       D       E      F
               +-------+-------+-------+-------+-------+----------------------
         Total | 100.0 | 100.0 |  -nan |  -nan | 100.0 |  82.5
       Dungeon | 100.0 | 100.0 |  -nan |  -nan | 100.0 |  82.5
               +-------+-------+-------+-------+-------+----------------------
